 Dungeon Crawl Stone Soup version 0.20.1-1-g8b1a95d (webtiles) character file.

124 Romulous the Shield-Bearer (level 4, -14/40 HPs)
             Began as a Minotaur Fighter on Oct 12, 2017.
             Killed by divine providence
             ... invoked by an orc priest
              (16 damage)
             ... on level 3 of the Dungeon on Oct 14, 2017.
             The game lasted 00:14:04 (2651 turns).

Romulous the Shield-Bearer (Minotaur Fighter)       Turns: 2651, Time: 00:14:05

Health: -14/40     AC:  7    Str: 22    XL:     4   Next: 81%
Magic:  3/3        EV:  8    Int:  5    God:
Gold:   114        SH:  9    Dex:  9    Spells: 3/3 levels left

rFire    . . .     SeeInvis .   a - +0 war axe
rCold    . . .     Gourm    .   c - +0 shield
rNeg     + . .     Faith    .   b - +0 scale mail
rPois    +         Spirit   .   (helmet restricted)
rElec    .         Reflect  .   (no cloak)
rCorr    .         Harm     .   (no gloves)
MR       .....                  (no boots)
Stlth    ..........             (no amulet)
Regen    0.2/turn               k - ring of positive energy
MPRegen  0.1/turn               q - ring of poison resistance

@: no status effects
A: retaliatory headbutt, horns 2
a: no special abilities


You were on level 3 of the Dungeon.
You were not hungry.

You visited 1 branch of the dungeon, and saw 3 of its levels.

You collected 114 gold pieces.

Inventory:

Hand Weapons
 a - a +0 war axe (weapon)
Armour
 b - a +0 scale mail (worn)
 c - a +0 shield (worn)
 o - a +0 pair of gloves
Jewellery
 k - a ring of positive energy (left hand)
 q - a ring of poison resistance (right hand)
Scrolls
 g - 2 scrolls of remove curse {unknown}
 l - a scroll of identify {unknown}
Potions
 d - a potion of might
 e - a potion of heal wounds {unknown}
 h - a potion of cancellation {unknown}
 i - a potion of degeneration {unknown}
 j - a potion of curing {unknown}
 m - 3 potions of agility {unknown}
Comestibles
 f - 2 bread rations
 n - a meat ration
 p - 5 chunks of flesh


   Skills:
 + Level 4.2 Fighting
 + Level 4.1 Axes
 + Level 4.4 Armour
 + Level 0.7 Dodging
 + Level 4.5 Shields


You had 3 spell levels left.
You didn't know any spells.

Dungeon Overview and Level Annotations

Branches:
Dungeon (3/15)

Altars:
Yredelemnul


Innate Abilities, Weirdness & Mutations

You reflexively headbutt those who attack you in melee.
You have a pair of horns on your head.


Message History

You slash the orc!
You kill the orc!
You block the orc priest's attack.
You hit the orc priest but do no damage.
The orc priest invokes the aid of Beogh against you.
Pain shoots through your body!
You closely miss the orc priest.
The orc priest hits you but does no damage.
You slash the orc priest!
The orc priest is severely wounded.
The orc priest hits you with a hand axe!
The orc priest mumbles some strange prayers to Beogh against you.
Beogh smites you!
* * * LOW HITPOINT WARNING * * *
The orc priest mumbles some strange prayers to Beogh against you.
You barely resist.
Some of the chunks of flesh in your inventory have rotted away.
The orc priest calls down the wrath of Beogh upon you.
Beogh smites you!
You die...

###>..........'..............
#.##.##.....###############
#.##........# ######
#.#####.....##########.....
#..............'.....
###.###.##########.....
...###.........##.....
####............##.....
#..@.........##.....
#............'......
####............#######
#.o.............#
#g#.####........# #######)#.#
########## .......g#.#
##.###..#.# #..#.#


You could see an orc priest and a hobgoblin.

Vanquished Creatures
  3 gnolls (D:2)
  An adder (D:2)
  An ooze (D:2)
  A worm (D:2)
  A dart slug (D:1)
  2 leopard geckos
  3 orcs (D:3)
  3 ball pythons
  A giant cockroach (D:3)
  9 goblins
  9 hobgoblins
  11 jackals
  A quokka (D:2)
  7 bats
  2 frilled lizards
  2 gnoll zombies (D:2)
  4 kobolds
  7 rats
68 creatures vanquished.

Notes
Turn   | Place    | Note
-------+----------+-------------------------------------------
     0 | D:1      | Romulous the Minotaur Fighter began the quest for the Orb.
     0 | D:1      | Reached XP level 1. HP: 19/19 MP: 0/0
   287 | D:1      | Reached XP level 2. HP: 27/27 MP: 1/1
   954 | D:1      | Reached XP level 3. HP: 32/33 MP: 2/2
  1884 | D:2      | Reached XP level 4. HP: 31/40 MP: 3/3
  2226 | D:2      | Found a basalt altar of Yredelemnul.
  2324 | D:3      | Found a faded altar of an unknown god.
  2646 | D:3      | HP: 1/40 [orc priest/divine providence (12)]
  2651 | D:3      | Killed from afar by an orc priest

Skill      XL: |  1  2  3  4 |
---------------+-------------+-----
Fighting       | 4 |  4.2
Armour         | 4 |  4.4
Shields        | 4 |  4.5
Axes           | 3 4 |  4.1
Dodging        | |  0.7

Action                   |  1- 3 |  4- 6 || total
-------------------------+-------+-------++-------
Melee: War axe           |   106 |    55 ||   161
       Headbutt          |    12 |     6 ||    18
  Eat: Chunk             |     3 |       ||     3
       Bread ration      |       |     1 ||     1
Armor: Scale mail        |    56 |    21 ||    77
Dodge: Dodged            |    33 |    16 ||    49
Block: Shield            |    71 |    26 ||    97
